Map: Orbital Shipyard

Players

uThermal - Winner!

  • Race: Terran Terran
  • League: Grandmaster

PtitDrogo

  • Race: Protoss Protoss
  • League: Master

Event: DreamHack ZOWIE Open Leipzig

VOD

Have the link to the VOD?

Description

Time

  • Played on: Jan. 23, 2016, 2:48 p.m.
  • Length: 7:48

All games in this series

Show
View Real Time Build Order
Export as new Build Order

uThermal Terran - Winner!

Build Orders: Liberator Opening 

Get SALT Encoding   

  12  0:00  SCV  
  13  0:13  SCV  
  14  0:18  Supply Depot  
  14  0:25  SCV  
  15  0:39  SCV  
  15  0:40  Barracks  
  16  0:44  Refinery  
  16  0:51  SCV  
  17  1:03  SCV  
  18  1:15  SCV  
  19  1:27  Barracks Reactor  
  19  1:28  Orbital Command  
  19  1:40  Command Center  
  19  1:50  Supply Depot  
  19  1:53  SCV  
  20  2:04  Reaper x2  
  20  2:06  SCV  
  23  2:13  Barracks  
  23  2:18  SCV  
  24  2:23  Refinery  
  24  2:30  SCV  
  24  2:36  Marine x2  
  27  2:42  SCV, Factory  
  28  2:53  Marine  
  28  2:54  SCV, Marine  
  28  2:56  Orbital Command  
  30  3:06  SCV  
  30  3:12  Marine x2  
  31  3:14  Barracks Tech Lab  
  31  3:18  SCV  
  34  3:23  SCV  
  35  3:28  Starport, Factory Reactor  
  35  3:31  SCV  
  36  3:36  SCV  
  36  3:38  Supply Depot  
  37  3:41  Refinery  
  37  3:43  Marine  
  37  3:44  Marine  
  37  3:47  Marine  
  40  3:51  SCV x2  
  40  3:55  Liberator x2  
  42  4:01  Supply Depot, Marine  
  43  4:08  SCV x2  
  45  4:15  Marine x2  
  53  4:19  Marine  
  53  4:23  SCV x2  
  55  4:34  Supply Depot, Engineering Bay, Marine x2  
  55  4:35  Stimpack  
  55  4:37  SCV  
  57  4:38  Liberator  
  57  4:39  SCV  
  58  4:46  Liberator  
  58  4:48  Marine  
  58  4:49  SCV  
  58  4:51  SCV  
  61  4:56  Supply Depot  
  64  5:01  SCV  
  64  5:05  Marine x2  
  64  5:07  SCV  
  69  5:10  Marine  
  69  5:13  SCV  
  68  5:19  SCV  
  61  5:22  Marine  
  61  5:24  Marine  
  61  5:25  SCV  
  62  5:29  Marine  
  62  5:31  SCV, Liberator  
  62  5:36  Supply Depot  
  62  5:37  SCV  
  62  5:40  Marine  
  62  5:42  Marine  
  64  5:49  SCV  
  65  5:51  SCV  
  65  5:56  Marine  
  67  5:58  Marine  
  67  6:00  Marine  
  67  6:01  SCV  
  70  6:11  SCV, Supply Depot  
  70  6:14  Marine  
  72  6:22  Marine  
  73  6:26  Medivac  
  73  6:27  SCV x2  
  73  6:28  Marine  
  73  6:31  Medivac  
  73  6:32  Marine  
  78  6:39  SCV  
  76  6:40  SCV, Marine  
  76  6:46  Marine  
  79  6:49  Marine  
  79  6:50  Supply Depot  
  79  6:51  SCV  
  79  6:53  SCV  
  79  6:59  Medivac  
  81  7:06  SCV  
  81  7:07  SCV  
  83  7:09  Command Center, Marine  
  83  7:10  Marine  
  83  7:12  Marine  
  83  7:17  Widow Mine  
  83  7:18  SCV  
  83  7:19  SCV  
  87  7:25  Supply Depot  
  87  7:27  Marine x2  
  87  7:29  Marine  
  89  7:34  SCV  
  89  7:35  SCV  
Show
View Real Time Build Order
Export as new Build Order

PtitDrogo Protoss 

Build Orders: 1 Gate Expand 

Get SALT Encoding   

  12  0:01  Probe (Chrono Boost)  
  13  0:11  Probe (Chrono Boost)  
  14  0:17  Pylon  
  14  0:22  Probe (Chrono Boost)  
  16  0:35  Gateway, Probe (Chrono Boost)  
  16  0:41  Assimilator  
  16  0:46  Probe (Chrono Boost)  
  17  0:57  Probe (Chrono Boost)  
  18  1:07  Probe (Chrono Boost)  
  19  1:18  Nexus  
  19  1:20  Probe (Chrono Boost)  
  20  1:29  Cybernetics Core  
  20  1:33  Probe (Chrono Boost)  
  20  1:38  Assimilator  
  21  1:43  Probe (Chrono Boost)  
  22  1:48  Pylon  
  22  1:56  Probe (Chrono Boost)  
  23  2:06  Adept  
  23  2:07  Probe (Chrono Boost), Warp Gate  
  26  2:17  Probe (Chrono Boost)  
  27  2:25  Twilight Council  
  27  2:28  Probe (Chrono Boost)  
  28  2:31  Probe (Chrono Boost)  
  29  2:38  Probe (Chrono Boost)  
  29  2:41  Probe (Chrono Boost), Robotics Facility  
  31  2:49  Probe (Chrono Boost)  
  32  2:52  Probe (Chrono Boost)  
  33  3:00  Resonating Glaives (Chrono Boost)  
  33  3:02  Probe (Chrono Boost)  
  33  3:14  Probe (Chrono Boost)  
  34  3:22  Gateway  
  34  3:24  Gateway  
  34  3:25  Mothership Core (Chrono Boost), Warp Prism  
  36  3:27  Probe (Chrono Boost)  
  39  3:38  Probe, Pylon  
  40  3:45  Probe  
  41  3:51  Probe  
  42  3:57  Probe  
  42  3:59  Observer, Assimilator  
  42  4:00  Pylon, Assimilator  
  44  4:03  Probe  
  44  4:09  Probe, Pylon  
  46  4:15  Probe  
  46  4:21  Probe  
  47  4:25  Adept x3  
  47  4:27  Probe (Chrono Boost)  
  53  4:33  Probe (Chrono Boost)  
  53  4:38  Observer  
  54  4:39  Probe (Chrono Boost)  
  54  4:45  Probe (Chrono Boost)  
  56  4:50  Probe (Chrono Boost)  
  57  4:55  Probe (Chrono Boost)  
  58  5:00  Adept x3  
  58  5:03  Probe (Chrono Boost)  
  65  5:11  Probe (Chrono Boost)  
  64  5:18  Probe (Chrono Boost)  
  65  5:24  Probe (Chrono Boost)  
  65  5:26  Nexus  
  65  5:27  Pylon  
  66  5:28  Probe (Chrono Boost)  
  66  5:30  Stargate  
  66  5:35  Probe (Chrono Boost)  
  68  5:39  Probe (Chrono Boost)  
  66  5:45  Probe (Chrono Boost)  
  66  5:48  Stalker x3  
  66  5:49  Probe (Chrono Boost)  
  57  6:10  Pylon  
  56  6:22  Phoenix (Chrono Boost)  
  56  6:34  Probe  
  50  6:48  Probe  
  48  7:04  Probe  
  49  7:27  Sentry  
  49  7:29  Adept x2  

Tags
 
Add a new tag
Caveats
  • Supply blocks, unpowered buildings, or Contaminate may cause inaccurate times.
  • Supply counts are checked every 10 seconds.